 Dungeon Crawl Stone Soup version 0.14.1-23-g35e4e54 (webtiles) character file.

234 Kae the Ruinous (level 5, -4/28 HPs)
             Began as a Tengu Fire Elementalist on June 10, 2014.
             Slain by an ogre
             ... wielding a cursed -3,-3 giant spiked club
              (20 damage)
             ... while paralysed by a giant eyeball
             ... on Level 4 of the Dungeon.
             The game lasted 00:05:21 (5217 turns).

Kae the Ruinous (Tengu Fire Elementalist)           Turns: 5217, Time: 00:05:21

HP  -4/28        AC  2     Str  8      XL: 5   Next: 86%
MP  11/11        EV  2     Int 16      God:
Gold 26          SH  0     Dex 15      Spells:  3 memorised,  3 levels left

rFire  . . .     SeeInvis .     i - +0 spear
rCold  . . .     Clarity  .     a - +0 robe
rNeg   . . .     Conserve .     (no shield)
rPois  .         rCorr    .     (helmet restricted)
rElec  .         rRot     .     (no cloak)
SustAb . .       Spirit   .     (no gloves)
rMut   .         Warding  .     (boots unavailable)
Saprov . . .     Stasis   .     (no amulet)
MR     .....                    (no ring)
                                (no ring)

@: paralysed, not resistant to hostile enchantments, fairly stealthy
A: able to fly, beak, talons 3
a: Fly


You were on level 4 of the Dungeon.
You were not hungry.

You visited 1 branch of the dungeon, and saw 4 of its levels.

You collected 201 gold pieces.
You spent 175 gold pieces at shops.

Inventory:

Hand weapons
 i - a +0,+0 spear (weapon)
Missiles
 n - 5 javelins of penetration (quivered)
 y - a dart
Armour
 a - a +0 robe (worn)
Magical devices
 B - a wand of lightning (7) {unknown}
Comestibles
 c - 4 bread rations
Scrolls
 e - a scroll of enchant armour {unknown}
 f - 2 scrolls of fear {unknown}
 g - 7 scrolls of remove curse
 h - 8 scrolls of identify
 j - 2 scrolls of teleportation
 l - a scroll of amnesia {unknown}
 q - 2 scrolls of recharging {unknown}
 s - 4 scrolls of magic mapping
 x - a scroll of immolation {unknown}
 A - a scroll of enchant weapon II {unknown}
Jewellery
 k - a +2 ring of strength {unknown}
 r - an uncursed ring of ice {unknown}
 t - a cursed ring of teleportation {unknown}
Potions
 d - 5 potions of curing {unknown}
 m - a potion of restore abilities {unknown}
 o - a potion of mutation {unknown}
 p - a potion of cure mutation {unknown}
 u - a potion of heal wounds {unknown}
 v - a potion of degeneration {unknown}
 w - a potion of poison {unknown}
 z - a potion of brilliance {unknown}
Books
 b - a book of Flames

   Spells                             Type                      Level
   *Flame Tongue                      Conjuration/Fire             1
   *Throw Flame                       Conjuration/Fire             2
   *Conjure Flame                     Conjuration/Fire             3
   Inner Flame                        Hexes/Fire                   3
   Sticky Flame                       Conjuration/Fire             4
   Fireball                           Conjuration/Fire             5


   Skills:
 - Level 2.1 Dodging
 - Level 2.0 Stealth
 + Level 2.7 Spellcasting
 * Level 5.1 Conjurations
 * Level 4.9 Fire Magic


You had 3 spell levels left.
You knew the following spells:

 Your Spells              Type           Power        Failure   Level  Hunger
a - Flame Tongue          Conj/Fire      ###..        2%          1    #......
b - Throw Flame           Conj/Fire      ###...       4%          2    ##.....
c - Conjure Flame         Conj/Fire      ###.....     10%         3    ###....


Dungeon Overview and Level Annotations

Branches:
Dungeon (4/15)
 Temple: D:4-7

Altars:
Ashenzari
Trog

Shops:
D:4 ?[

Annotations:
D:4 Sigmund


Innate Abilities, Weirdness & Mutations

You can fly.
You have a beak for a mouth.
You have claws for feet.


Message History

Press: ? - help, Dir - move target cursor, f - ogre
Aim: an ogre, wielding a giant spiked club (resting)
You reach to attack!
The helpless ogre fails to defend itself.
You hit the ogre.
The ogre is lightly wounded.
You hit the ogre. You peck the ogre.
The ogre is moderately wounded.
The ogre barely misses you.
You hit the ogre. You claw the ogre. Your peck misses the ogre.
The ogre is heavily wounded.
The giant eyeball turns its gaze towards you.
The ogre barely misses you.
You hit the ogre.
The ogre is heavily wounded.
The ogre closely misses you. The giant eyeball stares at you.
You suddenly lose the ability to move!
The ogre hits you with a giant spiked club! x2
Ouch! That really hurt!
You die...

####..#########...............# #
#..# #...............# # #..#
#.######........### # #..#
#.#....#........... #
#..#########.#....#..#########
####............#....#..#
................#....#..#
................#....#..#
..∩.............@O...#..#########
................'.G..#...........
(..)............#....#....##'###+
......########..######....#......
......# #............#......
......# #............#......
......# #............#......
......# #............#######
......########...................


You could see an ogre and a giant eyeball.

Vanquished Creatures
  11 adders
  3 gnolls (D:3)
  2 worms
  7 giant geckos
  An orc (D:4)
  A bat skeleton (D:4)
  2 giant cockroaches (D:2)
  5 hobgoblins
  2 jackals (D:3)
  6 bats
  2 giant newts
  9 goblins
  9 kobolds
  3 quokkas
  7 rats
70 creatures vanquished.

Notes
Turn   | Place    | Note
--------------------------------------------------------------
     0 | D:1      | Kae, the Tengu Fire Elementalist, began the quest for the Orb.
     0 | D:1      | Reached XP level 1. HP: 10/10 MP: 3/3
   497 | D:1      | Reached XP level 2. HP: 12/15 MP: 0/5
  1152 | D:2      | Reached XP level 3. HP: 13/19 MP: 1/7
  1522 | D:2      | Reached skill level 4 in Fire Magic
  2013 | D:2      | Reached XP level 4. HP: 17/24 MP: 8/8
  2798 | D:3      | Found a shattered altar of Ashenzari.
  2950 | D:3      | Found a bloodstained altar of Trog.
  3165 | D:3      | Reached XP level 5. HP: 21/28 MP: 7/11
  4703 | D:4      | Found Bluheneh's Armour Boutique.
  4765 | D:4      | Noticed Sigmund
  4840 | D:4      | Reached skill level 5 in Conjurations
  4979 | D:4      | Found Kuaruac's Magic Scroll Boutique.
  4987 | D:4      | Bought a scroll of identify for 20 gold pieces
  4987 | D:4      | Bought a scroll of teleportation for 30 gold pieces
  4987 | D:4      | Bought a scroll of magic mapping for 35 gold pieces
  4987 | D:4      | Bought a scroll of remove curse for 30 gold pieces
  4987 | D:4      | Bought a scroll of identify for 20 gold pieces
  4987 | D:4      | Bought a scroll of identify for 20 gold pieces
  4987 | D:4      | Bought a scroll of identify for 20 gold pieces
  5046 | D:4      | Learned a level 2 spell: Throw Flame
  5050 | D:4      | Learned a level 3 spell: Conjure Flame
  5210 | D:4      | Noticed an ogre
  5214 | D:4      | Paralysed by a giant eyeball for 4 turns
  5217 | D:4      | Slain by an ogre

Action                   |  1- 3 |  4- 6 || total
-------------------------+-------+-------++-------
Melee: Unarmed           |    16 |       ||    16
       Spear             |    28 |    84 ||   112
 Cast: Flame Tongue      |    32 |    67 ||    99
 Stab: Sleeping          |       |     3 ||     3
